 Dungeon Crawl Stone Soup version 0.23.2-33-g5129a83184 (webtiles) character file.

Game seed: 13861934652805617750

1955 Exodus22XD the Thaumaturge (level 8, -1/41 HPs)
             Began as a Deep Elf Fire Elementalist on June 27, 2019.
             Was an Initiate of Vehumet.
             Slain by a hog (10 damage)
             ... on level 7 of the Dungeon.
             The game lasted 01:07:18 (8444 turns).

Exodus22XD the Thaumaturge (DEFE)                   Turns: 8444, Time: 01:07:18

Health: -1/41      AC:  3    Str:  5    XL:     8   Next: 99%
Magic:  2/23       EV: 16    Int: 23    God:    Vehumet [......]
Gold:   246        SH:  0    Dex: 19    Spells: 11/25 levels left

rFire    + . .     SeeInvis .   v - +2 trident (protect)
rCold    + + .     Gourm    .   (no shield)
rNeg     + . .     Faith    .   a - +0 robe
rPois    .         Spirit   .   f - +0 helmet
rElec    .         Reflect  .   s - scarf {rC+ rF+}
rCorr    .         Harm     .   (no gloves)
MR       .....                  (no boots)
Stlth    +++.......             F - amulet of inaccuracy (curse)
HPRegen  0.13/turn              g - +2 ring of dexterity
MPRegen  0.18/turn              q - ring of positive energy

@: no status effects
A: agile 1, cold resistance 1, sense surroundings 1
a: Renounce Religion


You were on level 7 of the Dungeon.
You worshipped Vehumet.
Vehumet was noncommittal.
You were hungry.

You visited 2 branches of the dungeon, and saw 8 of its levels.

You collected 246 gold pieces.

Inventory:

Hand Weapons
 d - a +0 short sword
 v - a +2 trident of protection (weapon)
 w - a +2 mace of venom
Armour
 a - a +0 robe (worn)
 f - a +0 helmet (worn)
 j - a +0 buckler
 s - a scarf of resistance (worn)
 x - a +1 chain mail of cold resistance
 z - a +0 leather armour of fire resistance
Jewellery
 b - an uncursed amulet of the gourmand
 g - a +2 ring of dexterity (left hand)
 q - a ring of positive energy (right hand)
 B - an uncursed ring of resist corrosion
 C - an uncursed ring of ice
 F - a cursed amulet of inaccuracy (around neck)
Wands
 A - a wand of acid (13)
 G - a wand of paralysis (7)
Scrolls
 h - 2 scrolls of fear
 k - 4 scrolls of noise
 n - 5 scrolls of teleportation
 o - a scroll of amnesia {unknown}
 r - 3 scrolls of random uselessness {unknown}
 y - 2 scrolls of immolation {unknown}
Potions
 e - a potion of haste
 i - a potion of agility {unknown}
 m - a potion of mutation
 p - 5 potions of might
 E - a potion of lignification
Comestibles
 c - 5 rations


   Skills:
 * Level 5.1 Dodging
 - Level 3.0 Stealth
 - Level 0.2 Unarmed Combat
 + Level 9.0 Spellcasting
 + Level 6.7 Conjurations
 + Level 7.6 Fire Magic


You had 11 spell levels left.
You knew the following spells:

 Your Spells              Type           Power        Failure   Level  Hunger
a - Flame Tongue          Conj/Fire      #####        1%          1    None
b - Throw Flame           Conj/Fire      #####.       1%          2    None
c - Conjure Flame         Conj/Fire      #####...     1%          3    None
d - Inner Flame           Hex/Fire       ####....     3%          3    None
e - Sticky Flame          Conj/Fire      #####...     3%          4    ##.....
f - Freeze                Ice            ##..         6%          1    None

Your spell library contained the following spells:

 Spells                   Type           Power        Failure   Level  Hunger
 Fireball                 Conj/Fire      #####.....   9%          5    ####...


Dungeon Overview and Level Annotations

Branches:
Dungeon (7/15)             Temple (1/1) D:5

Altars:
Ashenzari
Cheibriados
Gozag
Hepliaklqana
Kikubaaqudgha
Makhleb
Qazlal
Ru
Sif Muna
Uskayaw
Vehumet
Wu Jian
Yredelemnul
The Shining One

Shops:
D:6 (

Annotations:
D:6 5 runed translucent doors


Innate Abilities, Weirdness & Mutations

You are agile. (Dex +2)
Your flesh is cold resistant. (rC+)
You passively map a small area around you.


Message History

The hog is severely wounded.
The hog closely misses you. The hog bites you!
Casting: Flame Tongue (safe; 1% risk of failure)
Confirm with . or Enter, or press ? or * to list all spells.
Aiming: Flame Tongue (safe; 1% risk of failure)
Press: ? - help, Shift-Dir - straight line, f/p - hog
Aim: a hog (severely wounded)
The flame tongue misses the hog.
The hog is engulfed in blazing flames.
The hog bites you. The hog misses you.
Casting: Flame Tongue (safe; 1% risk of failure)
Confirm with . or Enter, or press ? or * to list all spells.
Aiming: Flame Tongue (safe; 1% risk of failure)
Press: ? - help, Shift-Dir - straight line, f/p - hog
Aim: a hog (severely wounded)
The flame tongue hits the hog.
The hog is almost dead.
The hog is engulfed in blazing flames.
The hog bites you. The hog bites you!
* * * LOW HITPOINT WARNING * * *
The hog is engulfed in blazing flames.
The hog bites you!
You die...

**
#%%#..#.######
#%.#..#......#
#..'. #......#
#..# #......#
#p. #......#
##○#####.######
#...#....#
##h##....#
#h@.....#
####....#
######


You could see 2 hogs and a human.

Vanquished Creatures
  Sigmund (D:3)
  A hog (D:7)
  2 ice beasts
  A sky beast (D:7)
  A centaur (D:6)
  An ogre (D:5)
  A bullfrog (D:6)
  A scorpion (D:5)
  4 killer bees (D:6)
  3 wights (D:3)
  A crimson imp (D:5)
  A jelly (D:5)
  A centaur skeleton (D:6)
  A hound (D:6)
  4 orc priests
  Ijyb (D:3)
  Terence (D:3)
  3 iguanas
  An orc wizard (D:3)
  3 worker ants
  A hound skeleton (D:5)
  A worker ant zombie (D:3)
  7 gnolls
  8 adders
  A shadow imp (D:5)
  An ooze (D:2)
  7 worms
  5 dart slugs
  4 leopard geckos
  30 orcs
  4 giant cockroaches
  5 hobgoblins
  5 jackals
  5 kobolds
  A quokka (D:3)
  A ball python (D:5)
  10 bats
  7 frilled lizards
  9 goblins
  A jackal zombie (D:5)
  A leopard gecko skeleton (D:4)
  11 rats
158 creatures vanquished.

Notes
Turn   | Place    | Note
-------+----------+-------------------------------------------
     0 | D:1      | Exodus22XD the Deep Elf Fire Elementalist began the quest
                  | for the Orb.
     0 | D:1      | Reached XP level 1. HP: 10/10 MP: 6/6
    60 | D:1      | Reached XP level 2. HP: 15/15 MP: 1/8
   101 | D:1      | Learned a level 2 spell: Throw Flame
   620 | D:2      | Reached XP level 3. HP: 19/19 MP: 7/10
   653 | D:2      | Learned a level 3 spell: Conjure Flame
  1279 | D:2      | Reached XP level 4. HP: 24/24 MP: 2/11
  1670 | D:2      | Reached skill level 4 in Spellcasting
  2045 | D:3      | Noticed Ijyb
  2053 | D:3      | Paralysed by Ijyb for 5 turns
  2058 | D:3      | Killed Ijyb
  2157 | D:3      | Reached XP level 5. HP: 28/28 MP: 6/13
  2930 | D:4      | Reached skill level 5 in Spellcasting
  2997 | D:4      | Noticed a phantom
  3072 | D:4      | Reached XP level 6. HP: 32/32 MP: 6/15
  3721 | D:4      | Reached skill level 5 in Fire Magic
  4282 | D:3      | Noticed Terence
  4296 | D:3      | Killed Terence
  4556 | D:3      | Noticed Sigmund
  4564 | D:3      | Killed Sigmund
  4564 | D:3      | Reached skill level 6 in Spellcasting
  4564 | D:3      | Reached XP level 7. HP: 33/36 MP: 5/18
  4569 | D:3      | Learned a level 3 spell: Inner Flame
  5071 | D:5      | Entered Level 5 of the Dungeon
  5101 | D:5      | Found a staircase to the Ecumenical Temple.
  5114 | Temple   | Entered the Ecumenical Temple
  5153 | Temple   | Became a worshipper of Vehumet
  5461 | D:5      | Reached skill level 5 in Conjurations
  5485 | D:5      | Reached skill level 7 in Spellcasting
  5547 | D:5      | You fall through a shaft!
  5657 | D:6      | Reached XP level 8. HP: 32/41 MP: 1/21
  5956 | D:5      | Found an opulent altar of Gozag.
  5977 | D:5      | Learned a level 4 spell: Sticky Flame
  6459 | D:5      | Reached skill level 8 in Spellcasting
  7367 | D:6      | Found Tyochece's Weapon Boutique.
  7386 | D:6      | Found a snail-covered altar of Cheibriados.
  7393 | D:6      | Found an ornate altar of the Wu Jian Council.
  7490 | D:6      | Found a runed translucent gate.
  7491 | D:6      | Found a runed translucent gate.
  7492 | D:6      | Found a runed translucent door.
  7502 | D:6      | Found a runed translucent gate.
  7504 | D:6      | Found a runed translucent door.
  7515 | D:6      | Reached * piety under Vehumet
  7515 | D:6      | Offered knowledge of Freeze by Vehumet.
  7522 | D:6      | Gained mutation: You are agile. (Dex +2) [potion of
                  | mutation]
  7522 | D:6      | Gained mutation: Your flesh is cold resistant. (rC+)
                  | [potion of mutation]
  7522 | D:6      | Gained mutation: You passively map a small area around you.
                  | [potion of mutation]
  7524 | D:6      | HP: 2/41 [poisoned by a killer bee]
  7551 | D:6      | HP: 2/41 [poisoned by a killer bee]
  7559 | D:6      | HP: 1/41 [poisoned by a killer bee]
  8049 | D:6      | Found the +9 staff of Olgreb {rPois}
  8222 | D:6      | Learned a level 1 spell: Freeze
  8429 | D:7      | Reached skill level 5 in Dodging
  8429 | D:7      | Reached skill level 9 in Spellcasting
  8444 | D:7      | Slain by a hog

Skill      XL: |  1  2  3  4  5  6  7  8 |
---------------+-------------------------+-----
Conjurations   | 2 3 4 5 6 |  6.7
Fire Magic     | 4 5 6 7 |  7.6
Spellcasting   | 4 5 6 7 9 |  9.0
Stealth        | 3 |  3.0
Dodging        | 5 |  5.1
Unarmed Combat | |  0.2

Action                   |  1- 3 |  4- 6 |  7- 9 || total
-------------------------+-------+-------+-------++-------
Melee: Unarmed           |       |    16 |       ||    16
       Short sword       |       |     2 |       ||     2
       Trident           |       |     2 |    82 ||    84
 Cast: Flame Tongue      |    26 |   103 |   135 ||   264
       Throw Flame       |    30 |    66 |    43 ||   139
       Conjure Flame     |       |     4 |     3 ||     7
       Inner Flame       |       |       |     1 ||     1
  Use: Scroll            |     3 |     4 |     3 ||    10
       Potion            |       |     2 |     9 ||    11
 Stab: Sleeping          |       |     1 |       ||     1
  Eat: Ration            |     1 |     3 |     3 ||     7
Armor: Robe              |     3 |     3 |    23 ||    29
       Skin              |       |    23 |    19 ||    42
Dodge: Dodged            |    10 |    30 |   103 ||   143
